 Dungeon Crawl Stone Soup version 0.31-a0-848-gaac375c287 (webtiles) character file.

Game seed: 13654472235931739379

931 kae the Cleaver (level 8, -6/64 HPs)
             Began as a Hill Orc Fighter on Oct 4, 2023.
             Mangled by Edmund
             ... wielding a +1 flail of protection
              (8 damage)
             ... on level 5 of the Dungeon.
             The game lasted 00:05:37 (3890 turns).

kae the Cleaver (Hill Orc Fighter)                  Turns: 3890, Time: 00:05:38

Health: -6/64      AC:  6    Str: 21    XL:     8   Next: 11%
Magic:  8/8        EV:  9    Int:  8    God:
Gold:   202        SH:  5    Dex: 10    Spells: 7/7 levels left

rFire   . . .        a - +0 war axe
rCold   . . .        c - +1 buckler
rNeg    . . .        b - +0 scale mail
rPois   .            (no helmet)
rElec   .            (no cloak)
rCorr   .            (no gloves)
SInv    .            (no boots)
Will    +....        (no amulet) Stlth
                     r - ring of willpower
HPRegen 0.30/turn    (no ring)
MPRegen 0.11/turn

%: no passive effects
@: no status effects
A: no striking features
a: no special abilities


You were on level 5 of the Dungeon.
You visited 1 branch of the dungeon, and saw 5 of its levels.

You collected 228 gold pieces.
You spent 26 gold pieces at shops.


   Skills:
 - Level 3.6 Fighting
 + Level 12.0 Axes
 - Level 3.2 Armour
 - Level 3.2 Shields


You had 7 spell levels left.
You didn't know any spells.
Your spell library contained the following spells:

 Spells                   Type           Power      Damage    Failure   Level
 Apportation              Tloc           0%         N/A       82%         1
 Sting                    Tmut/Pois      0%         1d3       82%         1
 Jinxbite                 Hex            0%         N/A       91%         2
 Poisonous Vapours        Pois/Air       0%         N/A       91%         2
 Inner Flame              Hex/Fire       0%         N/A       99%         3
 Ozocubu's Armour         Ice            0%         N/A       99%         3
 Flame Wave               Conj/Fire      0%         2d4       100%        4
 Olgreb's Toxic Radiance  Pois           0%         N/A       100%        4
 Sticky Flame             Conj/Fire      0%         2d3       100%        4
 Alistair's Intoxication  Tmut/Pois      0%         N/A       100%        5
 Metabolic Englaciation   Hex/Ice        0%         N/A       100%        5
 Simulacrum               Ice/Necr       0%         N/A       100%        6

Inventory:

Hand Weapons
 a - a +0 war axe (weapon)
Missiles
 f - 12 boomerangs
 i - 37 stones
 p - 6 curare-tipped darts {=f}
 t - 3 poisoned darts
Armour
 b - a +0 scale mail (worn)
 c - a +1 buckler (worn)
Jewellery
 r - a ring of willpower (left hand)
   (You found it on level 3 of the Dungeon)
Wands
 s - a wand of flame (21)
   (You took it off Natasha on level 3 of the Dungeon)
 u - a wand of iceblast (8)
   (You found it on level 5 of the Dungeon)
 v - a wand of polymorph (3)
   (You found it on level 5 of the Dungeon)
Scrolls
 h - a scroll of blinking {!r}
 l - 2 scrolls of immolation {!r!r}
 m - 3 scrolls of teleportation {@r4}
 n - a scroll of enchant armour
Potions
 d - a potion of might
 e - a potion of brilliance {unknown}
 g - 2 potions of invisibility
 j - a potion of enlightenment {unknown}
 k - 2 potions of lignification {!q}
 o - a potion of curing {unknown}
 q - a potion of mutation {unknown}

Dungeon Overview and Level Annotations

Branches:
Dungeon (5/15) Zot: 26054
 Temple: D:4-7

Altars:
Elyvilon
Vehumet

Shops:
D:1 ?

Annotations:
D:5 Edmund

### ## #..# ### #.#.#
...##.##...... #
.......#......
#.##.#...[..#......
##...................... ..
#.........#.@@.......... ..
#...................... #.
#....#................. #.
#.....##..............####.
#.....##........?..........
##..................#.#.....
##...........#....##.##....))
#........###....[.####.....).
##.......##
###......#......>.


You could see Edmund.


Message History

You take 9 damage, and now have 29/64 hp.
Unknown command.
You hit the iguana.
You kill the iguana!
Your Axes skill increases to level 12! 😨 HP[+1]
You start resting. 😕 HP[+24]
You regained 24 hp, and now have 54/64 hp.
You now have 202 gold pieces (gained 13).
Edmund the Younger comes into view.
He is wielding a +1 flail of protection.
Edmund shouts! 😎 HP[+10]
Your hp is fully restored (64).
Edmund hits you with a +1 flail of protection. 😕 HP[-1]
You take 1 damage, and now have 63/64 hp.
You hit Edmund but do no damage.
Edmund hits you with a +1 flail of protection.
You closely miss Edmund.
Edmund hits you with a +1 flail of protection! 😕 HP[-11]
You take 11 damage, and now have 52/64 hp.
Edmund attacks as he pursues you!
Edmund hits you with a +1 flail of protection. 😮 HP[-4]
You take 4 damage, and now have 48/64 hp.
You barely miss Edmund. You slash Edmund!
Edmund says, "You wouldn't believe how much I paid for this flail."
Edmund barely misses you.
You slash Edmund!
Edmund hits you with a +1 flail of protection.
You are too injured to fight recklessly! 😮 HP[-5]
You take 5 damage, and now have 43/64 hp.
Unknown command.
You barely miss Edmund.
Edmund hits you with a +1 flail of protection. 😮 HP[-4]
You take 4 damage, and now have 39/64 hp.
You hit Edmund. Edmund barely misses you.
Unknown command.
You slash Edmund!
Edmund hits you with a +1 flail of protection. 😮 HP[-3]
You take 3 damage, and now have 36/64 hp.
You hit Edmund.
Edmund hits you with a +1 flail of protection. 😮 HP[-3]
You take 3 damage, and now have 33/64 hp.
You closely miss Edmund.
Edmund says, "People think my brother is the best.
I think he's crazy."
Edmund hits you with a +1 flail of protection.
* * * LOW HITPOINT WARNING * * *
😨 HP[-5]
You take 5 damage, and now have 28/64 hp.
You barely miss Edmund. You block Edmund's attack.
Unknown command.
You hit Edmund but do no damage.
Edmund hits you with a +1 flail of protection.
* * * LOW HITPOINT WARNING * * *
😨 HP[-4]
You take 4 damage, and now have 24/64 hp.
You barely miss Edmund.
Edmund hits you with a +1 flail of protection!
* * * LOW HITPOINT WARNING * * *
😱 HP[-8]
You take 8 damage, and now have 16/64 hp.
You barely miss Edmund. Edmund barely misses you.
Unknown command.
You barely miss Edmund.
Edmund hits you with a +1 flail of protection.
* * * LOW HITPOINT WARNING * * *
😱 HP[-3]
You take 3 damage, and now have 13/64 hp.
You barely miss Edmund.
Edmund hits you with a +1 flail of protection.
* * * LOW HITPOINT WARNING * * *
😱 HP[-2]
You take 2 damage, and now have 11/64 hp.
Unknown command.
You closely miss Edmund. Edmund barely misses you.
You hit Edmund but do no damage.
Edmund hits you with a +1 flail of protection.
* * * LOW HITPOINT WARNING * * *
😱 HP[-2]
You take 2 damage, and now have 9/64 hp.
Unknown command.
You barely miss Edmund.
Edmund hits you with a +1 flail of protection!
* * * LOW HITPOINT WARNING * * *
😱 HP[-7]
You take 7 damage, and now have 2/64 hp.
You hit Edmund but do no damage.
Unknown command.
You hit Edmund but do no damage.
Edmund hits you with a +1 flail of protection!
You die...
Edmund says, "That'll show my brother!"

Skill      XL: |  1  2  3  4  5  6  7  8 |
---------------+-------------------------+-----
Axes           | 3 4 5 7 8 9 11 12 | 12.0
Fighting       | |  3.6
Armour         | |  3.2
Shields        | |  3.2

Action                     |  1- 3 |  4- 6 |  7- 9 || total
---------------------------+-------+-------+-------++-------
  Melee: War axe           |   142 |    68 |    83 ||   293
    Use: Scroll            |     6 |     2 |     1 ||     9
 Armour: Scale mail        |   106 |    57 |    57 ||   220
  Dodge: Dodged            |    71 |    44 |    17 ||   132
  Block: Buckler           |    24 |    28 |    16 ||    68

Levels and vault maps discovered:
D:1:      minmay_arrival_diagonal_passages, layout_rooms, serial_shops, shop
D:2:      cheibrodos_old_hovel, layout_rooms, minmay_lizard_king
D:3:      layout_rooms, vehumet_crystals, elyvilon_altar_4,
          shapermc_ecumenical_altar_flowoftime, nicolae_twisty_statue_hallways,
          uniq_natasha
D:4:      layout_cave_pods, kennysheep_pointless_box,
          hangedman_abyss_or_decor_stagger
D:5:      layout_cave_pools, nicolae_uskayaw_dance_hall,
          minmay_temple_entry_fiery, uniq_edmund, uniq_grinder

Notes
Turn   | Place    | Note
-------+----------+-------------------------------------------
     0 | D:1      | kae the Hill Orc Fighter began the quest for the Orb.
     0 | D:1      | Reached XP level 1. HP: 19/19 MP: 1/1
     0 | D:1      | magus.rc [v1.11.3]
    56 | D:1      | Reached skill level 3 in Axes
   148 | D:1      | Reached XP level 2. HP: 25/26 MP: 2/2
   213 | D:1      | Found Ekkoass's Magic Scroll Shoppe.
   224 | D:1      | Bought a scroll of identify for 26 gold pieces
   318 | D:1      | Reached skill level 4 in Axes
   576 | D:2      | You fall into a shaft and drop 2 floors!
   587 | D:4      | Reached XP level 3. HP: 31/31 MP: 3/3
   887 | D:2      | Reached skill level 5 in Axes
  1328 | D:3      | Reached XP level 4. HP: 39/39 MP: 4/4
  1369 | D:3      | You pick up a book of Flames and begin reading...
  1369 | D:3      | You add the spells Inner Flame, Sticky Flame and Flame Wave
                  | to your library.
  1429 | D:3      | Found a faded altar of an unknown god.
  1465 | D:3      | Found a radiant altar of Vehumet.
  1527 | D:3      | Found a white marble altar of Elyvilon.
  1626 | D:3      | Noticed Natasha
  1636 | D:3      | Killed Natasha
  1637 | D:3      | Reached skill level 6 in Axes
  1819 | D:3      | Noticed a black bear
  1822 | D:3      | Noticed Natasha
  1835 | D:2      | Killed a black bear
  1836 | D:2      | Reached skill level 7 in Axes
  1836 | D:2      | Reached XP level 5. HP: 18/45 MP: 5/5
  1938 | D:3      | Killed Natasha
  1939 | D:3      | Reached skill level 8 in Axes
  1939 | D:3      | Reached XP level 6. HP: 45/51 MP: 6/6
  1964 | D:3      | You pick up a book of Party Tricks and begin reading...
  1964 | D:3      | You add the spells Apportation, Jinxbite and Alistair's
                  | Intoxication to your library.
  2146 | D:3      | Noticed Natasha
  2155 | D:3      | Killed Natasha
  2284 | D:3      | Found a faded altar of an unknown god.
  2319 | D:3      | Found a white marble altar of Elyvilon.
  2373 | D:3      | Found a radiant altar of Vehumet.
  2799 | D:4      | Noticed a black bear
  2811 | D:4      | Killed a black bear
  2812 | D:4      | Reached skill level 9 in Axes
  2859 | D:4      | You pick up a book of Winter and begin reading...
  2859 | D:4      | You add the spells Ozocubu's Armour, Metabolic Englaciation
                  | and Simulacrum to your library.
  2911 | D:4      | Reached XP level 7. HP: 54/57 MP: 7/7
  3138 | D:4      | You add the spells Sting, Poisonous Vapours and Olgreb's
                  | Toxic Radiance to your library.
  3413 | D:5      | Entered Level 5 of the Dungeon
  3418 | D:5      | Reached skill level 10 in Axes
  3440 | D:5      | Noticed Grinder
  3447 | D:5      | Killed Grinder
  3448 | D:5      | Reached skill level 11 in Axes
  3731 | D:5      | Reached XP level 8. HP: 38/64 MP: 8/8
  3734 | D:5      | Reached skill level 12 in Axes
  3865 | D:5      | Noticed Edmund
  3882 | D:5      | HP: 16/64 [Edmund/+1 flail of protection (8)]
  3887 | D:5      | HP: 9/64 [Edmund/+1 flail of protection (2)]
  3888 | D:5      | HP: 2/64 [Edmund/+1 flail of protection (8)]
  3890 | D:5      | Mangled by Edmund

Vanquished Creatures
  Grinder (D:5)
  2 black bears
  An ogre (D:4)
  A phantom (D:5)
  An orc priest (D:5)
  A hound (D:5)
  2 sleepcaps
  2 orc wizards
  Natasha (thrice) (D:3)
  An iguana (D:5)
  4 adders
  An ufetubus (D:5)
  2 dart slugs
  11 orcs
  5 ball pythons
  5 bats
  7 endoplasms
  4 giant cockroaches
  2 goblins
  4 hobgoblins
  2 jackals (D:2)
  6 quokkas
  10 frilled lizards
  6 kobolds
  6 rats
90 creatures vanquished.

Table legend:
 A = Non-vault XP
 B = Vault XP
 C = Vault XP percentage of total XP
 D = Non-vault monster count
 E = Vault monster count
 F = Vault count percentage of total count
                 A         B        C        D         E       F
            +---------+---------+-------+---------+---------+-------
      Total |    1004 |     326 |  24.5 |      80 |      10 |  11.1
            +---------+---------+-------+---------+---------+-------
        D:1 |      25 |       0 |   0.0 |      15 |       0 |   0.0
        D:2 |     164 |       9 |   5.2 |      21 |       8 |  27.6
        D:3 |     114 |      36 |  24.0 |      14 |       1 |   6.7
        D:4 |     360 |       0 |   0.0 |      14 |       0 |   0.0
        D:5 |     341 |     281 |  45.2 |      16 |       1 |   5.9
            +---------+---------+-------+---------+---------+-------

Skill      XL: |  1  2  3  4  5  6  7  8 |
---------------+-------------------------+-----
Axes           | 3 4 5 7 8 9 11 12 | 12.0
Fighting       | |  3.6
Armour         | |  3.2
Shields        | |  3.2

Action                     |  1- 3 |  4- 6 |  7- 9 || total
---------------------------+-------+-------+-------++-------
  Melee: War axe           |   142 |    68 |    83 ||   293
    Use: Scroll            |     6 |     2 |     1 ||     9
 Armour: Scale mail        |   106 |    57 |    57 ||   220
  Dodge: Dodged            |    71 |    44 |    17 ||   132
  Block: Buckler           |    24 |    28 |    16 ||    68

Illustrated notes

Table legend:
 A = Kills in this place as a percentage of kills in the entire game.
 B = Kills by you in this place as a percentage of kills by you in the entire game.
 C = Kills by friends in this place as a percentage of kills by friends in the entire game.
 D = Other kills in this place as a percentage of other kills in the entire game.
 E = Experience gained in this place as a percentage of experience gained in the entire game.
 F = Experience gained in this place divided by the number of levels of this place that you have seen.
                   A       B       C       D       E      F
               +-------+-------+-------+-------+-------+----------------------
         Total | 100.0 | 100.0 |   N/A |   N/A | 100.0 | 266.0
       Dungeon | 100.0 | 100.0 |   N/A |   N/A | 100.0 | 266.0
               +-------+-------+-------+-------+-------+----------------------

Table legend: (Time is in decaauts)
 A = Elapsed time spent in this place.
 B = Non-inter-level travel time spent in this place.
 C = Inter-level travel time spent in this place.
 D = Time resting spent in this place.
 E = Time spent auto-exploring this place.
 F = Levels seen in this place.
 G = Mean time per level.
                   A        B        C        D        E       F      G
               +--------+--------+--------+--------+--------+-----+--------+
         Total |   3944 |   3819 |    125 |    258 |   2902 |   5 |  788.8 |
       Dungeon |   3944 |   3819 |    125 |    258 |   2902 |   5 |  788.8 |
               +--------+--------+--------+--------+--------+-----+--------+

Top non-repeatable levels by time:
     D:3: 1193 daAuts
     D:4: 1021 daAuts
     D:2: 709 daAuts
     D:1: 546 daAuts
     D:5: 473 daAuts
